Minnesota North Stars vs Winnipeg Jets
Created - Thursday, January 15, 2026 at 08:04
Goals
|
| Minnesota North Stars |
0 |
1 |
0 |
1 |
| Winnipeg Jets |
0 |
1 |
1 |
2 |
|
Shots
|
| Minnesota North Stars |
3 |
21 |
13 |
37 |
| Winnipeg Jets |
7 |
12 |
7 |
26 |
|
1st period
No Goal
Penalties :
Nate Schmidt (WPG) for Tripping (Minor) at 6:11, Frank Vatrano (MNS) for Tripping (Minor) at 10:25, Ryan Nugent-Hopkins (MNS) for High sticking (Double Minor) at 14:22
2nd period
1. Winnipeg Jets , Ridly Greig 1 (Mikael Backlund 1) at 8:58
2. Minnesota North Stars , Valeri Nichushkin 1 (William Eklund 2, Gustav Forsling 1) at 19:01 (PP)
Penalties :
Dylan Samberg (WPG) for Cross-checking (Minor) at 17:34, Ridly Greig (WPG) for Roughing (Minor) at 17:58
3rd period
3. Winnipeg Jets , Vladislav Namestnikov 2 (Alexis Lafreniere 3, Joel Armia 1) at 4:06
Penalties :
Jack Hughes (MNS) for Tripping (Minor) at 8:24
Goalie Stats
Brandon Bussi (MNS), 24 saves from 26 shots - (0.923), L, 0-1-0, 58:40 minutes
Yaroslav Askarov (WPG), 36 saves from 37 shots - (0.973), W, 1-0-0, 60:00 minutes
Players Stats for Minnesota North Stars
Player Name G A P +/- PIM S H SB GA TA FO MP PP MP PK MP
------------------------------------------------------------------------------------
Brock Nelson 0 0 0 0 0 1 0 0 0 1 0/0 16:20 1:57 0:00
Erik Cernak 0 0 0 0 0 4 1 1 0 1 0/0 14:07 0:00 0:00
Frank Vatrano 0 0 0 -1 2 3 1 1 0 0 0/2 18:00 2:25 2:37
Gustav Forsling 0 1 1 -1 0 0 1 1 0 1 0/0 20:18 2:24 3:46
Ivan Barbashev 0 0 0 -1 0 1 2 0 0 1 0/1 11:14 0:00 0:00
Jack Hughes 0 0 0 0 2 2 0 0 1 0 7/14 16:20 1:57 0:00
Jonathan Marchessault 0 0 0 -1 0 3 2 0 0 1 0/0 11:14 0:00 0:00
Kent Johnson 0 0 0 -1 0 3 2 0 0 1 1/10 13:07 0:00 1:35
Matt Roy 0 0 0 -1 0 1 4 2 0 0 0/0 25:35 1:58 4:11
Mattias Janmark 0 0 0 0 0 1 1 0 1 0 2/3 13:00 0:00 3:45
Michael Rasmussen 0 0 0 0 0 1 2 0 1 0 0/0 12:46 0:00 3:41
Neal Pionk 0 0 0 -1 0 2 1 0 1 0 0/0 20:18 2:24 3:46
Niko Mikkola 0 0 0 0 0 1 1 0 0 1 0/0 14:07 0:00 0:00
Rasmus Dahlin 0 0 0 -1 0 0 2 3 1 2 0/0 25:35 1:58 4:11
Ryan Nugent-Hopkins 0 0 0 0 4 3 0 0 0 0 1/1 16:24 1:57 0:00
Valeri Nichushkin 1 0 1 -1 0 4 1 0 1 0 0/1 15:36 2:25 0:46
William Eklund 0 1 1 -1 0 5 1 1 0 0 8/19 14:50 2:25 0:00
William Karlsson 0 0 0 0 0 2 0 0 1 0 4/5 13:09 0:00 3:30
Players Stats for Winnipeg Jets
Player Name G A P +/- PIM S H SB GA TA FO MP PP MP PK MP
------------------------------------------------------------------------------------
Adam Lowry 0 0 0 0 0 1 1 0 0 0 5/12 19:46 3:40 1:59
Alexander Kerfoot 0 0 0 0 0 2 3 0 0 1 0/1 17:47 3:40 0:00
Alexis Lafreniere 0 1 1 1 0 2 0 0 2 0 1/1 14:00 0:33 0:11
Connor Bedard 0 0 0 1 0 3 1 0 0 0 0/0 19:51 3:44 2:12
Derek Forbort 0 0 0 1 0 0 1 1 0 1 0/0 14:26 0:21 0:00
Dylan Samberg 0 0 0 0 2 2 1 0 1 2 0/0 24:34 3:34 1:32
Haydn Fleury 0 0 0 1 0 1 3 1 0 0 0/0 19:56 4:02 1:47
Joel Armia 0 1 1 1 0 0 2 0 0 0 0/0 13:38 0:00 0:22
Jonas Brodin 0 0 0 0 0 0 0 0 0 1 0/0 25:38 3:34 2:35
Matvei Michkov 0 0 0 0 0 0 0 0 0 0 0/0 2:04 0:33 0:00
Michael Kesselring 0 0 0 1 0 0 0 0 0 0 0/0 16:32 0:21 1:51
Mikael Backlund 0 1 1 1 0 3 1 0 0 1 18/28 24:02 3:44 1:31
Nate Schmidt 0 0 0 1 2 1 1 0 0 0 0/0 18:59 4:02 0:59
Nino Niederreiter 0 0 0 0 0 0 0 0 0 1 0/0 6:23 0:00 0:00
Ridly Greig 1 0 1 1 2 3 2 0 4 0 0/0 18:57 3:44 1:25
Sam Steel 0 0 0 0 0 1 0 0 1 0 3/5 6:56 0:33 0:00
Taylor Hall 0 0 0 0 0 4 0 0 1 0 0/0 17:47 3:40 0:00
Vladislav Namestnikov 1 0 1 1 0 3 0 0 0 0 6/9 13:16 0:00 0:00
3 Stars
1 - Yaroslav Askarov (WPG)
2 - Vladislav Namestnikov (WPG)
3 - Ridly Greig (WPG)
Power Play
Minnesota North Stars - 1 on 3 Attempt(s) - 33.33%
Winnipeg Jets - 0 on 4 Attempt(s) - 0.00%
Penalty Kill
Minnesota North Stars - 4 on 4 Attempt(s) - 100.00%
- Score 0 goal in Penalty Kill
Winnipeg Jets - 2 on 3 Attempt(s) - 66.67%
- Score 0 goal in Penalty Kill
Team Stat
Minnesota North Stars - Hits : 22 - Faceoff Wins : 23 - Blocked Shots : 9 - Penalty Minutes : 8
Winnipeg Jets - Hits : 16 - Faceoff Wins : 33 - Blocked Shots : 2 - Penalty Minutes : 6
Official
Referees : Garrett Rank and Jean Hebert
Linesman : Travis Gawryletz and Mitchell Hunt
Game Notes
No Game Note
Finance
Level 1 -- Attendance: 5462 (91.03%) -- Ticket Income $502,504
Level 2 -- Attendance: 4927 (98.54%) -- Ticket Income $270,985
Level 3 -- Attendance: 2980 (99.33%) -- Ticket Income $89,400
Level 4 -- Attendance: 4647 (92.94%) -- Ticket Income $102,234
Luxury Box -- Attendance: 976 (97.60%) -- Ticket Income $185,440
Game was played at the MTS Centre.
Total Attendance: 18992 (94.96%)
Total Ticket Income: $1,150,563
Other Income: $402,697
Total Income: $1,553,260
Minnesota North Stars
5 vs 5 Forward
Center Left Wing Right Wing Time % Phy DF OF
1 Jack Hughes Brock Nelson Ryan Nugent-Hopkins 30 1 2 2
2 William Eklund Valeri Nichushkin Frank Vatrano 30 1 2 2
3 Kent Johnson Ivan Barbashev Jonathan Marchessault 25 1 2 2
4 William Karlsson Michael Rasmussen Mattias Janmark 15 1 2 2
5 vs 5 Defense
Defense Defense Time % Phy DF OF
1 Matt Roy Rasmus Dahlin 30 1 2 2
2 Gustav Forsling Neal Pionk 30 1 2 2
3 Erik Cernak Niko Mikkola 25 1 2 2
4 Matt Roy Rasmus Dahlin 15 1 2 2
PowerPlay Forward
Center Left Wing Right Wing Time % Phy DF OF
1 Jack Hughes Brock Nelson Ryan Nugent-Hopkins 50 1 2 2
2 William Eklund Valeri Nichushkin Frank Vatrano 50 1 2 2
PowerPlay Defense
Defense Defense Time % Phy DF OF
1 Matt Roy Rasmus Dahlin 50 1 2 2
2 Gustav Forsling Neal Pionk 50 1 2 2
Penalty Kill 4 Players Forward
Center Wing Time % Phy DF OF
1 Mattias Janmark Michael Rasmussen 50 1 4 0
2 William Karlsson Frank Vatrano 50 1 4 0
Penalty Kill 4 Players Defense
Defense Defense Time % Phy DF OF
1 Matt Roy Rasmus Dahlin 50 1 4 0
2 Gustav Forsling Neal Pionk 50 1 4 0
Penalty Kill - 3 Players Forward
Forward Time % Phy DF OF
1 Ryan Nugent-Hopkins 50 1 4 0
2 Mattias Janmark 50 1 4 0
Penalty Kill - 3 Players Defense
Defense Defense Time % Phy DF OF
1 Matt Roy Rasmus Dahlin 50 1 4 0
2 Gustav Forsling Neal Pionk 50 1 4 0
4 vs 4 Forward
Center Wing Time % Phy DF OF
1 Jack Hughes Brock Nelson 50 1 2 2
2 Ryan Nugent-Hopkins Valeri Nichushkin 50 1 2 2
4 vs 4 Defense
Defense Defense Time % Phy DF OF
1 Matt Roy Rasmus Dahlin 50 1 2 2
2 Gustav Forsling Neal Pionk 50 1 2 2
Last Minutes Offensive
Center Left Wing Right Wing Defense Defense
Jack Hughes Brock Nelson Ryan Nugent-Hopkins Matt Roy Rasmus Dahlin
Last Minutes Defensive
Center Left Wing Right Wing Defense Defense
Jack Hughes Brock Nelson Ryan Nugent-Hopkins Matt Roy Rasmus Dahlin
Goaltenders
Starting : Brandon Bussi
Backup : Logan Thompson
Extra Forwards
Normal : Kent Johnson, Jonathan Marchessault, William Karlsson - PP : Kent Johnson, Jonathan Marchessault - PK : William Karlsson
Extra Defensemen
Normal : Erik Cernak, Niko Mikkola, Gustav Forsling - PP : Erik Cernak - PK : Niko Mikkola, Gustav Forsling
Penalty Shots
Jack Hughes, Brock Nelson, Ryan Nugent-Hopkins, Valeri Nichushkin, Frank Vatrano
Scratches
Lawson Crouse (Healthy), Dylan DeMelo (Healthy), Charlie Lindgren (Healthy)
Winnipeg Jets
5 vs 5 Forward
Center Left Wing Right Wing Time % Phy DF OF
1 Mikael Backlund Connor Bedard Ridly Greig 30 1 2 2
2 Adam Lowry Taylor Hall Alexander Kerfoot 30 1 2 2
3 Vladislav Namestnikov Alexis Lafreniere Joel Armia 25 1 2 2
4 Sam Steel Mikael Backlund Nino Niederreiter 15 1 2 2
5 vs 5 Defense
Defense Defense Time % Phy DF OF
1 Dylan Samberg Jonas Brodin 30 1 2 2
2 Nate Schmidt Haydn Fleury 30 1 2 2
3 Derek Forbort Michael Kesselring 25 1 2 2
4 Dylan Samberg Jonas Brodin 15 1 2 2
PowerPlay Forward
Center Left Wing Right Wing Time % Phy DF OF
1 Mikael Backlund Connor Bedard Ridly Greig 50 1 2 2
2 Adam Lowry Taylor Hall Alexander Kerfoot 50 1 2 2
PowerPlay Defense
Defense Defense Time % Phy DF OF
1 Dylan Samberg Jonas Brodin 50 1 2 2
2 Nate Schmidt Haydn Fleury 50 1 2 2
Penalty Kill 4 Players Forward
Center Wing Time % Phy DF OF
1 Mikael Backlund Connor Bedard 50 1 2 2
2 Adam Lowry Ridly Greig 50 1 2 2
Penalty Kill 4 Players Defense
Defense Defense Time % Phy DF OF
1 Dylan Samberg Jonas Brodin 50 1 2 2
2 Nate Schmidt Haydn Fleury 50 1 2 2
Penalty Kill - 3 Players Forward
Forward Time % Phy DF OF
1 Mikael Backlund 50 1 2 2
2 Connor Bedard 50 1 2 2
Penalty Kill - 3 Players Defense
Defense Defense Time % Phy DF OF
1 Dylan Samberg Jonas Brodin 50 1 2 2
2 Nate Schmidt Haydn Fleury 50 1 2 2
4 vs 4 Forward
Center Wing Time % Phy DF OF
1 Mikael Backlund Connor Bedard 50 1 2 2
2 Adam Lowry Ridly Greig 50 1 2 2
4 vs 4 Defense
Defense Defense Time % Phy DF OF
1 Dylan Samberg Jonas Brodin 50 1 2 2
2 Nate Schmidt Haydn Fleury 50 1 2 2
Last Minutes Offensive
Center Left Wing Right Wing Defense Defense
Mikael Backlund Connor Bedard Ridly Greig Dylan Samberg Jonas Brodin
Last Minutes Defensive
Center Left Wing Right Wing Defense Defense
Mikael Backlund Connor Bedard Ridly Greig Dylan Samberg Jonas Brodin
Goaltenders
Starting : Yaroslav Askarov
Backup : Dustin Wolf
Extra Forwards
Normal : Matvei Michkov, Alexis Lafreniere, Joel Armia - PP : Matvei Michkov, Alexis Lafreniere - PK : Joel Armia
Extra Defensemen
Normal : Derek Forbort, Michael Kesselring, Nate Schmidt - PP : Derek Forbort - PK : Michael Kesselring, Nate Schmidt
Penalty Shots
Mikael Backlund, Connor Bedard, Adam Lowry, Ridly Greig, Taylor Hall
Scratches
Jason Zucker (Healthy), Erik Brannstrom (Healthy), Barclay Goodrow (Healthy), Sean Durzi (Healthy)
% Time on Ice - Minnesota North Stars
Lines # - Real PCT - Wanted PCT - Time Play
Normal Forward
1 - 29% - 30% - 13:25
2 - 28% - 30% - 12:59
3 - 24% - 25% - 11:14
4 - 19% - 15% - 9:05
Normal Defense
1 - 29% - 30% - 13:38
2 - 30% - 30% - 14:08
3 - 29% - 25% - 13:44
4 - 11% - 15% - 5:13
PP Forward
1 - 45% - 50% - 1:57
2 - 55% - 50% - 2:25
PP Defense
1 - 45% - 50% - 1:58
2 - 55% - 50% - 2:24
PK Forward
1 - 47% - 50% - 3:46
2 - 53% - 50% - 4:11
PK Defense
1 - 53% - 50% - 4:11
2 - 47% - 50% - 3:46
PK3 Forward
1 - 0% - 50%
2 - 0% - 50%
PK3 Defense
1 - 0% - 50%
2 - 0% - 50%
44 Forward
1 - 0% - 50%
2 - 0% - 50%
44 Defense
1 - 0% - 50%
2 - 0% - 50%
Last Minute Offensive - 0:58
Last Minute Defensive - 0:00
Total
Forward - 60:00
Defense - 60:00
|
% Time on Ice - Winnipeg Jets
Lines # - Real PCT - Wanted PCT - Time Play
Normal Forward
1 - 28% - 30% - 13:20
2 - 30% - 30% - 14:07
3 - 28% - 25% - 13:16
4 - 14% - 15% - 6:23
Normal Defense
1 - 29% - 30% - 13:53
2 - 30% - 30% - 14:07
3 - 30% - 25% - 14:05
4 - 11% - 15% - 5:01
PP Forward
1 - 47% - 50% - 3:44
2 - 53% - 50% - 4:13
PP Defense
1 - 49% - 50% - 3:55
2 - 51% - 50% - 4:02
PK Forward
1 - 40% - 50% - 1:20
2 - 60% - 50% - 1:59
PK Defense
1 - 46% - 50% - 1:32
2 - 54% - 50% - 1:47
PK3 Forward
1 - 17% - 50% - 0:11
2 - 83% - 50% - 0:52
PK3 Defense
1 - 100% - 50% - 1:03
2 - 0% - 50% - 0:00
44 Forward
1 - 0% - 50%
2 - 0% - 50%
44 Defense
1 - 0% - 50%
2 - 0% - 50%
Last Minute Offensive - 0:00
Last Minute Defensive - 0:35
Total
Forward - 60:00
Defense - 60:00
|
Play-by-Play
1st period
0:01 of 1st period - Jack Hughes wins face-off versus Mikael Backlund in neutral zone.
0:47 of 1st period - Joel Armia is hit by Matt Roy and loses puck.
2:44 of 1st period - Wrist shot by Taylor Hall.
2:44 of 1st period - Stopped by Brandon Bussi without a rebound.
2:45 of 1st period - Mikael Backlund wins face-off versus William Eklund in Minnesota North Stars zone.
2:56 of 1st period - Snap shot by William Eklund.
2:56 of 1st period - Stopped by Yaroslav Askarov without a rebound.
2:57 of 1st period - Alexis Lafreniere wins face-off versus William Eklund in Winnipeg Jets zone.
2:57 of 1st period - Alexis Lafreniere is hit by Niko Mikkola.
3:13 of 1st period - Snap shot by William Eklund.
3:13 of 1st period - Shot Misses the Net.
4:04 of 1st period - Valeri Nichushkin is hit by Haydn Fleury and loses puck.
4:37 of 1st period - Joel Armia is hit by Jonathan Marchessault and loses puck.
6:11 of 1st period - Minor Penalty to Nate Schmidt for Tripping.
6:12 of 1st period - Adam Lowry wins face-off versus Jack Hughes in Winnipeg Jets zone.
7:01 of 1st period - Snap shot by Jack Hughes.
7:01 of 1st period - Shot Misses the Net.
7:03 of 1st period - Slapshot by Ryan Nugent-Hopkins.
7:03 of 1st period - Stopped by Yaroslav Askarov without a rebound.
7:04 of 1st period - William Eklund wins face-off versus Mikael Backlund in Winnipeg Jets zone.
7:05 of 1st period - Snap shot by Valeri Nichushkin.
7:05 of 1st period - Stopped by Yaroslav Askarov without a rebound.
7:06 of 1st period - Mikael Backlund wins face-off versus Valeri Nichushkin in Winnipeg Jets zone.
7:06 of 1st period - Mikael Backlund is hit by Frank Vatrano.
8:09 of 1st period - Icing by William Eklund.
8:10 of 1st period - William Eklund wins face-off versus Mikael Backlund in Minnesota North Stars zone.
8:11 of 1st period - Penalty to Nate Schmidt is over, Nate Schmidt is back on ice.
8:25 of 1st period - Wrist shot by Vladislav Namestnikov.
8:25 of 1st period - Stopped by Brandon Bussi without a rebound.
8:26 of 1st period - Jack Hughes wins face-off versus Vladislav Namestnikov in Minnesota North Stars zone.
8:31 of 1st period - Slapshot by Vladislav Namestnikov.
8:31 of 1st period - Stopped by Brandon Bussi without a rebound.
8:32 of 1st period - Jack Hughes wins face-off versus Mikael Backlund in Minnesota North Stars zone.
8:32 of 1st period - Jack Hughes is hit by Ridly Greig.
8:42 of 1st period - Wrist shot by Connor Bedard.
8:42 of 1st period - Stopped by Brandon Bussi without a rebound.
8:43 of 1st period - Mikael Backlund wins face-off versus William Eklund in Minnesota North Stars zone.
8:52 of 1st period - Dylan Samberg is hit by Rasmus Dahlin and loses puck.
9:05 of 1st period - William Eklund is hit by Connor Bedard.
9:21 of 1st period - Wrist shot by Kent Johnson.
9:21 of 1st period - Shot Misses the Net.
9:23 of 1st period - Snap shot by Ivan Barbashev.
9:23 of 1st period - Shot Misses the Net.
10:02 of 1st period - Neal Pionk is hit by Haydn Fleury and loses puck.
10:19 of 1st period - Wrist shot by Alexis Lafreniere.
10:19 of 1st period - Stopped by Brandon Bussi without a rebound.
10:20 of 1st period - Vladislav Namestnikov wins face-off versus William Eklund in Minnesota North Stars zone.
10:23 of 1st period - Snap shot by Alexis Lafreniere.
10:23 of 1st period - Shot Blocked by Rasmus Dahlin.
10:25 of 1st period - Minor Penalty to Frank Vatrano for Tripping.
10:26 of 1st period - Mikael Backlund wins face-off versus Mattias Janmark in Minnesota North Stars zone.
12:25 of 1st period - Penalty to Frank Vatrano is over, Frank Vatrano is back on ice.
13:18 of 1st period - Slapshot by William Eklund.
13:18 of 1st period - Shot Misses the Net.
13:55 of 1st period - Icing by Mattias Janmark.
13:56 of 1st period - Vladislav Namestnikov wins face-off versus Ivan Barbashev in Minnesota North Stars zone.
14:11 of 1st period - Taylor Hall is hit by Matt Roy and loses puck.
14:22 of 1st period - Double Minor Penalty to Ryan Nugent-Hopkins for High sticking.
14:23 of 1st period - Mattias Janmark wins face-off versus Adam Lowry in Minnesota North Stars zone.
16:10 of 1st period - Adam Lowry is hit by Kent Johnson and loses puck.
16:37 of 1st period - Rasmus Dahlin is hit by Dylan Samberg and loses puck.
16:50 of 1st period - Rasmus Dahlin is hit by Nate Schmidt and loses puck.
16:57 of 1st period - Wrist shot by Matvei Michkov.
16:57 of 1st period - Shot Misses the Net.
16:59 of 1st period - Snap shot by Sam Steel.
16:59 of 1st period - Stopped by Brandon Bussi without a rebound.
17:00 of 1st period - William Karlsson wins face-off versus Adam Lowry in Minnesota North Stars zone.
18:07 of 1st period - Off-side.
18:08 of 1st period - Kent Johnson wins face-off versus Mikael Backlund in neutral zone.
18:22 of 1st period - Penalty to Ryan Nugent-Hopkins is over, Ryan Nugent-Hopkins is back on ice.
18:32 of 1st period - Snap shot by Alexis Lafreniere.
18:32 of 1st period - Stopped by Brandon Bussi with a rebound.
19:34 of 1st period - Snap shot by Michael Rasmussen.
19:34 of 1st period - Shot Misses the Net.
19:40 of 1st period - Michael Rasmussen is hit by Alexander Kerfoot and loses puck.
Goals for this period are 0 for Minnesota North Stars vs 0 for Winnipeg Jets.
Shots for this period are 3 for Minnesota North Stars vs 7 for Winnipeg Jets.
2nd period
0:01 of 2nd period - Mikael Backlund wins face-off versus William Eklund in neutral zone.
0:08 of 2nd period - Gustav Forsling is hit by Ridly Greig and loses puck.
0:13 of 2nd period - Snap shot by Mikael Backlund.
0:13 of 2nd period - Stopped by Brandon Bussi without a rebound.
0:14 of 2nd period - Jack Hughes wins face-off versus Alexander Kerfoot in Minnesota North Stars zone.
1:11 of 2nd period - Wrist shot by Brock Nelson.
1:11 of 2nd period - Stopped by Yaroslav Askarov with a rebound.
1:21 of 2nd period - Ridly Greig is hit by Ivan Barbashev and loses puck.
1:37 of 2nd period - Wrist shot by Kent Johnson.
1:37 of 2nd period - Stopped by Yaroslav Askarov with a rebound.
1:57 of 2nd period - Snap shot by Ridly Greig.
1:57 of 2nd period - Shot Misses the Net.
1:59 of 2nd period - Wrist shot by Mikael Backlund.
1:59 of 2nd period - Shot Misses the Net.
2:01 of 2nd period - Wrist shot by Ridly Greig.
2:01 of 2nd period - Shot Misses the Net.
2:09 of 2nd period - Snap shot by Connor Bedard.
2:09 of 2nd period - Shot Misses the Net.
2:11 of 2nd period - Snap shot by Connor Bedard.
2:11 of 2nd period - Stopped by Brandon Bussi with a rebound.
2:13 of 2nd period - Snap shot by Ridly Greig.
2:13 of 2nd period - Stopped by Brandon Bussi without a rebound.
2:14 of 2nd period - Adam Lowry wins face-off versus William Eklund in Minnesota North Stars zone.
2:59 of 2nd period - Slapshot by Taylor Hall.
2:59 of 2nd period - Stopped by Brandon Bussi with a rebound.
3:05 of 2nd period - Adam Lowry is hit by Erik Cernak and loses puck.
3:30 of 2nd period - Snap shot by Alexis Lafreniere.
3:30 of 2nd period - Shot Blocked by Matt Roy.
3:44 of 2nd period - Wrist shot by Mikael Backlund.
3:44 of 2nd period - Stopped by Brandon Bussi with a rebound.
4:00 of 2nd period - Slapshot by Jack Hughes.
4:00 of 2nd period - Stopped by Yaroslav Askarov with a rebound.
4:02 of 2nd period - Wrist shot by Erik Cernak.
4:02 of 2nd period - Stopped by Yaroslav Askarov without a rebound.
4:03 of 2nd period - Sam Steel wins face-off versus Jack Hughes in Winnipeg Jets zone.
4:05 of 2nd period - Icing by Nino Niederreiter.
4:06 of 2nd period - Sam Steel wins face-off versus Jack Hughes in Winnipeg Jets zone.
4:24 of 2nd period - Icing by Derek Forbort.
4:25 of 2nd period - Sam Steel wins face-off versus William Eklund in Winnipeg Jets zone.
4:29 of 2nd period - Off-side.
4:30 of 2nd period - William Eklund wins face-off versus Adam Lowry in neutral zone.
4:41 of 2nd period - Wrist shot by Valeri Nichushkin.
4:41 of 2nd period - Shot Misses the Net.
4:57 of 2nd period - Wrist shot by Jonathan Marchessault.
4:57 of 2nd period - Stopped by Yaroslav Askarov without a rebound.
4:58 of 2nd period - Mikael Backlund wins face-off versus Kent Johnson in Winnipeg Jets zone.
5:25 of 2nd period - Alexander Kerfoot is hit by Valeri Nichushkin and loses puck.
5:31 of 2nd period - Off-side.
5:32 of 2nd period - William Eklund wins face-off versus Adam Lowry in neutral zone.
5:35 of 2nd period - Snap shot by Rasmus Dahlin.
5:35 of 2nd period - Shot Misses the Net.
5:43 of 2nd period - Slapshot by Alexander Kerfoot.
5:43 of 2nd period - Stopped by Brandon Bussi with a rebound.
6:42 of 2nd period - Alexis Lafreniere is hit by Michael Rasmussen and loses puck.
7:09 of 2nd period - Adam Lowry is hit by William Eklund and loses puck.
7:59 of 2nd period - Slapshot by Michael Rasmussen.
7:59 of 2nd period - Stopped by Yaroslav Askarov with a rebound.
8:03 of 2nd period - Wrist shot by William Karlsson.
8:03 of 2nd period - Stopped by Yaroslav Askarov without a rebound.
8:04 of 2nd period - William Karlsson wins face-off versus Vladislav Namestnikov in Winnipeg Jets zone.
8:09 of 2nd period - Snap shot by William Karlsson.
8:09 of 2nd period - Shot Misses the Net.
8:36 of 2nd period - Snap shot by William Eklund.
8:36 of 2nd period - Stopped by Yaroslav Askarov with a rebound.
8:38 of 2nd period - Snap shot by Erik Cernak.
8:38 of 2nd period - Stopped by Yaroslav Askarov with a rebound.
8:40 of 2nd period - Snap shot by Frank Vatrano.
8:40 of 2nd period - Deflect By Valeri Nichushkin.
8:40 of 2nd period - Shot Misses the Net.
8:40 of 2nd period - Puck is out of play.
8:41 of 2nd period - Ryan Nugent-Hopkins wins face-off versus Mikael Backlund in Winnipeg Jets zone.
8:52 of 2nd period - Wrist shot by Jack Hughes.
8:52 of 2nd period - Stopped by Yaroslav Askarov without a rebound.
8:53 of 2nd period - Mikael Backlund wins face-off versus Frank Vatrano in Winnipeg Jets zone.
8:58 of 2nd period - Snap shot by Ridly Greig.
8:58 of 2nd period - Goal by Ridly Greig - Minnesota North Stars : 0 - Winnipeg Jets : 1.
8:59 of 2nd period - Mikael Backlund wins face-off versus William Eklund in neutral zone.
9:02 of 2nd period - Rasmus Dahlin is hit by Mikael Backlund and loses puck.
9:07 of 2nd period - Snap shot by Mikael Backlund.
9:07 of 2nd period - Shot Misses the Net.
9:09 of 2nd period - Slapshot by Dylan Samberg.
9:09 of 2nd period - Stopped by Brandon Bussi with a rebound.
9:15 of 2nd period - Slapshot by Ridly Greig.
9:15 of 2nd period - Shot Blocked by Frank Vatrano.
9:25 of 2nd period - Rasmus Dahlin is hit by Alexander Kerfoot.
9:45 of 2nd period - Wrist shot by Jonathan Marchessault.
9:45 of 2nd period - Stopped by Yaroslav Askarov without a rebound.
9:46 of 2nd period - Vladislav Namestnikov wins face-off versus Kent Johnson in Winnipeg Jets zone.
9:51 of 2nd period - Vladislav Namestnikov is hit by Ivan Barbashev and loses puck.
10:33 of 2nd period - Snap shot by Taylor Hall.
10:33 of 2nd period - Stopped by Brandon Bussi with a rebound.
12:49 of 2nd period - Off-side.
12:50 of 2nd period - William Eklund wins face-off versus Adam Lowry in neutral zone.
12:59 of 2nd period - Snap shot by Alexander Kerfoot.
12:59 of 2nd period - Stopped by Brandon Bussi with a rebound.
13:05 of 2nd period - Derek Forbort is hit by Neal Pionk and loses puck.
13:14 of 2nd period - Valeri Nichushkin is hit by Derek Forbort and loses puck.
13:25 of 2nd period - Neal Pionk is hit by Alexander Kerfoot and loses puck.
13:34 of 2nd period - Slapshot by Alexander Kerfoot.
13:34 of 2nd period - Shot Misses the Net.
13:38 of 2nd period - Wrist shot by Taylor Hall.
13:38 of 2nd period - Stopped by Brandon Bussi with a rebound.
13:46 of 2nd period - Wrist shot by Frank Vatrano.
13:46 of 2nd period - Stopped by Yaroslav Askarov with a rebound.
13:48 of 2nd period - Snap shot by William Eklund.
13:48 of 2nd period - Stopped by Yaroslav Askarov without a rebound.
13:49 of 2nd period - Mikael Backlund wins face-off versus Kent Johnson in Winnipeg Jets zone.
13:49 of 2nd period - Mikael Backlund is hit by Jonathan Marchessault.
14:15 of 2nd period - Ryan Nugent-Hopkins is hit by Joel Armia and loses puck.
14:46 of 2nd period - Snap shot by Mattias Janmark.
14:46 of 2nd period - Stopped by Yaroslav Askarov with a rebound.
16:58 of 2nd period - Wrist shot by William Eklund.
16:58 of 2nd period - Stopped by Yaroslav Askarov with a rebound.
17:08 of 2nd period - Slapshot by Connor Bedard.
17:08 of 2nd period - Stopped by Brandon Bussi without a rebound.
17:09 of 2nd period - Vladislav Namestnikov wins face-off versus Kent Johnson in Minnesota North Stars zone.
17:12 of 2nd period - Backhand shot by Alexis Lafreniere.
17:12 of 2nd period - Deflect By Vladislav Namestnikov.
17:12 of 2nd period - Shot Misses the Net.
17:12 of 2nd period - Puck is out of play.
17:13 of 2nd period - Vladislav Namestnikov wins face-off versus Kent Johnson in Minnesota North Stars zone.
17:22 of 2nd period - Slapshot by Kent Johnson.
17:22 of 2nd period - Deflect By Ivan Barbashev.
17:22 of 2nd period - Stopped by Yaroslav Askarov with a rebound.
17:24 of 2nd period - Slapshot by Erik Cernak.
17:24 of 2nd period - Deflect By Jonas Brodin.
17:24 of 2nd period - Stopped by Yaroslav Askarov with a rebound.
17:28 of 2nd period - Wrist shot by Jonathan Marchessault.
17:28 of 2nd period - Stopped by Yaroslav Askarov with a rebound.
17:34 of 2nd period - Minor Penalty to Dylan Samberg for Cross-checking.
17:35 of 2nd period - Mikael Backlund wins face-off versus William Eklund in Winnipeg Jets zone.
17:52 of 2nd period - Snap shot by Frank Vatrano.
17:52 of 2nd period - Stopped by Yaroslav Askarov with a rebound.
17:58 of 2nd period - Minor Penalty to Ridly Greig for Roughing.
17:59 of 2nd period - William Eklund wins face-off versus Mikael Backlund in Winnipeg Jets zone.
18:06 of 2nd period - Wrist shot by William Eklund.
18:06 of 2nd period - Stopped by Yaroslav Askarov without a rebound.
18:07 of 2nd period - Mikael Backlund wins face-off versus Frank Vatrano in Winnipeg Jets zone.
19:01 of 2nd period - Snap shot by Valeri Nichushkin.
19:01 of 2nd period - Goal by Valeri Nichushkin - Minnesota North Stars : 1 - Winnipeg Jets : 1.
19:02 of 2nd period - Adam Lowry wins face-off versus Jack Hughes in neutral zone.
19:58 of 2nd period - Penalty to Ridly Greig is over, Ridly Greig is back on ice.
Goals for this period are 1 for Minnesota North Stars vs 1 for Winnipeg Jets.
Shots for this period are 21 for Minnesota North Stars vs 12 for Winnipeg Jets.
3rd period
0:01 of 3rd period - Mikael Backlund wins face-off versus William Eklund in neutral zone.
0:10 of 3rd period - Wrist shot by Connor Bedard.
0:10 of 3rd period - Shot Misses the Net.
0:12 of 3rd period - Snap shot by Mikael Backlund.
0:12 of 3rd period - Stopped by Brandon Bussi without a rebound.
0:13 of 3rd period - Jack Hughes wins face-off versus Mikael Backlund in Minnesota North Stars zone.
0:26 of 3rd period - Off-side.
0:27 of 3rd period - Mikael Backlund wins face-off versus William Eklund in neutral zone.
1:01 of 3rd period - Slapshot by Ryan Nugent-Hopkins.
1:01 of 3rd period - Stopped by Yaroslav Askarov with a rebound.
1:37 of 3rd period - Snap shot by Michael Rasmussen.
1:37 of 3rd period - Deflect By Mattias Janmark.
1:37 of 3rd period - Shot Misses the Net.
1:37 of 3rd period - Puck is out of play.
1:38 of 3rd period - William Karlsson wins face-off versus Sam Steel in Winnipeg Jets zone.
1:42 of 3rd period - Icing by Nino Niederreiter.
1:43 of 3rd period - William Eklund wins face-off versus Sam Steel in Winnipeg Jets zone.
1:46 of 3rd period - Wrist shot by Valeri Nichushkin.
1:46 of 3rd period - Shot Misses the Net.
1:48 of 3rd period - Snap shot by Valeri Nichushkin.
1:48 of 3rd period - Shot Misses the Net.
1:50 of 3rd period - Wrist shot by Valeri Nichushkin.
1:50 of 3rd period - Stopped by Yaroslav Askarov with a rebound.
1:52 of 3rd period - Slapshot by Neal Pionk.
1:52 of 3rd period - Stopped by Yaroslav Askarov with a rebound.
1:54 of 3rd period - Slapshot by Neal Pionk.
1:54 of 3rd period - Stopped by Yaroslav Askarov with a rebound.
1:56 of 3rd period - Wrist shot by Frank Vatrano.
1:56 of 3rd period - Deflect By Mikael Backlund.
1:56 of 3rd period - Shot Misses the Net.
1:56 of 3rd period - Puck is out of play.
1:57 of 3rd period - Mikael Backlund wins face-off versus Jack Hughes in Winnipeg Jets zone.
2:45 of 3rd period - Slapshot by Kent Johnson.
2:45 of 3rd period - Stopped by Yaroslav Askarov with a rebound.
2:51 of 3rd period - Jonathan Marchessault is hit by Haydn Fleury.
3:17 of 3rd period - Nino Niederreiter is hit by Michael Rasmussen and loses puck.
3:38 of 3rd period - Snap shot by Adam Lowry.
3:38 of 3rd period - Stopped by Brandon Bussi with a rebound.
4:06 of 3rd period - Snap shot by Vladislav Namestnikov.
4:06 of 3rd period - Goal by Vladislav Namestnikov - Minnesota North Stars : 1 - Winnipeg Jets : 2.
4:07 of 3rd period - Mikael Backlund wins face-off versus Kent Johnson in neutral zone.
4:53 of 3rd period - Snap shot by Ridly Greig.
4:53 of 3rd period - Stopped by Brandon Bussi without a rebound.
4:54 of 3rd period - Jack Hughes wins face-off versus Adam Lowry in Minnesota North Stars zone.
4:59 of 3rd period - Snap shot by Taylor Hall.
4:59 of 3rd period - Deflect By Adam Lowry.
4:59 of 3rd period - Shot Blocked by Rasmus Dahlin.
4:59 of 3rd period - Puck is out of play.
5:00 of 3rd period - Jack Hughes wins face-off versus Adam Lowry in Minnesota North Stars zone.
5:37 of 3rd period - Slapshot by Kent Johnson.
5:37 of 3rd period - Stopped by Yaroslav Askarov with a rebound.
7:12 of 3rd period - Snap shot by Valeri Nichushkin.
7:12 of 3rd period - Shot Misses the Net.
7:20 of 3rd period - Wrist shot by Frank Vatrano.
7:20 of 3rd period - Stopped by Yaroslav Askarov with a rebound.
7:22 of 3rd period - Slapshot by Erik Cernak.
7:22 of 3rd period - Shot Blocked by Haydn Fleury.
8:04 of 3rd period - Dylan Samberg is hit by Matt Roy and loses puck.
8:13 of 3rd period - Slapshot by William Karlsson.
8:13 of 3rd period - Shot Misses the Net.
8:15 of 3rd period - Snap shot by William Karlsson.
8:15 of 3rd period - Stopped by Yaroslav Askarov without a rebound.
8:16 of 3rd period - Mikael Backlund wins face-off versus Jack Hughes in Winnipeg Jets zone.
8:24 of 3rd period - Minor Penalty to Jack Hughes for Tripping.
8:25 of 3rd period - William Karlsson wins face-off versus Mikael Backlund in Minnesota North Stars zone.
8:54 of 3rd period - Off-side.
8:55 of 3rd period - Mattias Janmark wins face-off versus Mikael Backlund in neutral zone.
10:24 of 3rd period - Penalty to Jack Hughes is over, Jack Hughes is back on ice.
10:28 of 3rd period - Snap shot by Matt Roy.
10:28 of 3rd period - Stopped by Yaroslav Askarov with a rebound.
10:30 of 3rd period - Slapshot by Erik Cernak.
10:30 of 3rd period - Stopped by Yaroslav Askarov without a rebound.
10:31 of 3rd period - Vladislav Namestnikov wins face-off versus Kent Johnson in Winnipeg Jets zone.
11:04 of 3rd period - Slapshot by Vladislav Namestnikov.
11:04 of 3rd period - Shot Blocked by Erik Cernak.
12:18 of 3rd period - Icing by Mattias Janmark.
12:19 of 3rd period - Adam Lowry wins face-off versus William Karlsson in Minnesota North Stars zone.
12:22 of 3rd period - Wrist shot by Alexander Kerfoot.
12:22 of 3rd period - Shot Misses the Net.
12:24 of 3rd period - Slapshot by Dylan Samberg.
12:24 of 3rd period - Stopped by Brandon Bussi with a rebound.
12:40 of 3rd period - Mikael Backlund is hit by Matt Roy and loses puck.
13:05 of 3rd period - Nino Niederreiter is hit by Mattias Janmark.
13:19 of 3rd period - Alexander Kerfoot is hit by Rasmus Dahlin.
13:49 of 3rd period - Wrist shot by Haydn Fleury.
13:49 of 3rd period - Shot Blocked by Rasmus Dahlin.
13:51 of 3rd period - Slapshot by Haydn Fleury.
13:51 of 3rd period - Stopped by Brandon Bussi with a rebound.
13:53 of 3rd period - Backhand shot by Nate Schmidt.
13:53 of 3rd period - Stopped by Brandon Bussi without a rebound.
13:54 of 3rd period - William Eklund wins face-off versus Vladislav Namestnikov in Minnesota North Stars zone.
14:08 of 3rd period - Slapshot by Valeri Nichushkin.
14:08 of 3rd period - Stopped by Yaroslav Askarov with a rebound.
14:10 of 3rd period - Snap shot by William Eklund.
14:10 of 3rd period - Shot Misses the Net.
15:22 of 3rd period - Wrist shot by Adam Lowry.
15:22 of 3rd period - Deflect By Taylor Hall.
15:22 of 3rd period - Shot Blocked by William Eklund.
15:22 of 3rd period - Puck is out of play.
15:23 of 3rd period - Adam Lowry wins face-off versus Kent Johnson in Minnesota North Stars zone.
15:38 of 3rd period - Nate Schmidt is hit by Kent Johnson and loses puck.
16:15 of 3rd period - Michael Rasmussen is hit by Joel Armia and loses puck.
16:36 of 3rd period - Slapshot by Haydn Fleury.
16:36 of 3rd period - Shot Blocked by Gustav Forsling.
16:52 of 3rd period - Jonas Brodin is hit by Gustav Forsling and loses puck.
16:59 of 3rd period - Ivan Barbashev is hit by Adam Lowry and loses puck.
17:22 of 3rd period - Snap shot by Brock Nelson.
17:22 of 3rd period - Shot Misses the Net.
17:40 of 3rd period - Snap shot by Alexis Lafreniere.
17:40 of 3rd period - Shot Misses the Net.
17:56 of 3rd period - Wrist shot by Connor Bedard.
17:56 of 3rd period - Shot Blocked by Matt Roy.
17:58 of 3rd period - Wrist shot by Mikael Backlund.
17:58 of 3rd period - Shot Misses the Net.
18:22 of 3rd period - Icing by Matt Roy.
18:23 of 3rd period - Mikael Backlund wins face-off versus Kent Johnson in Minnesota North Stars zone.
18:40 of 3rd period - Minnesota North Stars, Brandon Bussi is pulled from the net.
18:46 of 3rd period - Snap shot by Jack Hughes.
18:46 of 3rd period - Shot Blocked by Derek Forbort.
19:16 of 3rd period - Slapshot by Ryan Nugent-Hopkins.
19:16 of 3rd period - Shot Misses the Net.
19:18 of 3rd period - Snap shot by Jack Hughes.
19:18 of 3rd period - Shot Misses the Net.
19:20 of 3rd period - Slapshot by Ryan Nugent-Hopkins.
19:20 of 3rd period - Shot Misses the Net.
19:22 of 3rd period - Snap shot by Ryan Nugent-Hopkins.
19:22 of 3rd period - Stopped by Yaroslav Askarov with a rebound.
19:24 of 3rd period - Slapshot by Niko Mikkola.
19:24 of 3rd period - Stopped by Yaroslav Askarov without a rebound.
19:25 of 3rd period - John Tortorella call a timeout for Minnesota North Stars.
19:25 of 3rd period - Mikael Backlund wins face-off versus Jack Hughes in Winnipeg Jets zone.
Goals for this period are 0 for Minnesota North Stars vs 1 for Winnipeg Jets.
Shots for this period are 13 for Minnesota North Stars vs 7 for Winnipeg Jets.
Back to the Top